 Dungeon Crawl Stone Soup version 0.18.1-8-gdd0e5ea (webtiles) character file.

44 Flavorfulsole the Ducker (level 3, -2/36 HPs)
             Began as a Troll Berserker on May 29, 2016.
             Was a Believer of Trog.
             Slain by Scuka's ghost (8 damage)
             ... on level 3 of the Dungeon.
             The game lasted 00:05:58 (2023 turns).

Flavorfulsole the Ducker (Troll Berserker)          Turns: 2023, Time: 00:05:59

Health: -2/36      AC:  7    Str: 25 (26) XL:     3   Next: 39%
Magic:  2/2        EV: 10    Int:  1 (3)  God:    Trog [**....]
Gold:   89         SH:  0    Dex:  6 (9)  Spells: 0 memorised, 2 levels left

rFire  . . .     SeeInvis .     a - +0 mace
rCold  . . .     Gourm    +     b - +1 animal skin
rNeg   . . .     Faith    .     (no shield)
rPois  .         Spirit   .     (helmet restricted)
rElec  .         Dismiss  .     (no cloak)
rCorr  +         Reflect  .     (gloves unavailable)
SustAt .         Harm     .     (boots unavailable)
MR     .....     Clarity  +     (no amulet)
Stlth  +.........               (no ring)
                                f - ring of resist corrosion

@: exhausted, very slightly contaminated, slowed, very slow, not resistant to
hostile enchantments, very unstealthy
A: unfitting armour, claws 3, horns 1, talons 1, molten scales 1, clarity, fast
metabolism 3, gourmand, regeneration 3, screaming 1, shaggy fur 1, tough skin 2
a: Berserk, Trog's Hand, Burn Spellbooks, Renounce Religion


You were on level 3 of the Dungeon.
You worshipped Trog.
Trog was pleased with you.
You were very hungry.

You visited 1 branch of the dungeon, and saw 3 of its levels.

You collected 89 gold pieces.

Inventory:

Hand Weapons
 a - a +0 mace (weapon)
Armour
 b - a +1 animal skin (worn)
Jewellery
 f - a ring of resist corrosion (left claw)
Scrolls
 d - 6 scrolls of identify
 e - 4 scrolls of teleportation
 h - 4 scrolls of magic mapping
Comestibles
 c - 3 bread rations
 g - 2 meat rations
 i - a royal jelly
 j - a beef jerky


   Skills:
 + Level 2.9 Fighting
 + Level 2.9 Maces & Flails
 + Level 3.0 Dodging
 + Level 0.1 Stealth


You had 2 spell levels left.
You didn't know any spells.

Dungeon Overview and Level Annotations

Branches:
Dungeon (3/15)

Altars:

Annotations:
D:3 Scuka's ghost, novice MfTm


Innate Abilities, Weirdness & Mutations

You are too large for most types of armour.
You have claws for hands.
Your metabolism is lightning-fast.
You like to eat raw meat.
You regenerate.
You are covered in fur (AC +1).
You have very tough skin (AC +2).
You have a pair of small horns on your head.
You have sharp toenails.
You are partially covered in molten scales (AC +1).
You possess an exceptional clarity of mind.
You occasionally shout uncontrollably at your foes.


Message History

Scuka's ghost hits you but does no damage.
The giant gecko bites you but does no damage.
You miss Scuka's ghost.
Scuka's ghost is moderately damaged.
The giant gecko bites you.
* * * LOW HITPOINT WARNING * * *
Scuka's ghost hits you!
* * * LOW HITPOINT WARNING * * *
You miss Scuka's ghost. Your headbutt misses Scuka's ghost.
Scuka's ghost is moderately damaged.
You are no longer berserk.
You are exhausted.
You feel yourself slow down.
You are feeling very hungry.
The giant gecko closely misses you. Scuka's ghost closely misses you.
You aren't carrying any potions.
You closely miss Scuka's ghost. Your headbutt misses Scuka's ghost.
Scuka's ghost is moderately damaged.
The giant gecko closely misses you. Scuka's ghost hits you!
You die...

........>...##..#..#.
#.##.###.##........#
#.#....#'##.##.....#
#.#.......#)##.##....
#.'.......#.#........
#
###.......#.#####.##.
... #.......#.. .
.....##l......#.#
.....'.W@.....#..
.?...###....#####
.... ###### ..# .


You could see Scuka's ghost and a giant gecko.

Vanquished Creatures
  An adder (D:2)
  An ooze (D:3)
  A giant gecko (D:1)
  2 bats (D:2)
  5 goblins
  4 hobgoblins
  2 jackals (D:2)
  A ball python (D:1)
  6 kobolds
  5 rats
28 creatures vanquished.

Notes
Turn   | Place    | Note
--------------------------------------------------------------
     0 | D:1      | Flavorfulsole the Troll Berserker began the quest for the Orb.
     0 | D:1      | Reached XP level 1. HP: 22/22 MP: 0/0
   272 | D:1      | Reached XP level 2. HP: 29/29 MP: 1/1
   373 | D:1      | Gained mutation: You possess an exceptional clarity of mind. [potion of mutation]
   373 | D:1      | Gained mutation: You regenerate. [potion of mutation]
   373 | D:1      | Gained mutation: You have a pair of small horns on your head. [potion of mutation]
  1261 | D:2      | Reached XP level 3. HP: 36/36 MP: 2/2
  1273 | D:2      | Gained mutation: You are partially covered in molten scales (AC +1). [potion of mutation]
  1273 | D:2      | Gained mutation: You occasionally shout uncontrollably at your foes. [potion of mutation]
  1273 | D:2      | Gained mutation: You have sharp toenails. [potion of mutation]
  1690 | D:2      | Reached ** piety under Trog
  1954 | D:3      | Reached skill level 3 in Dodging
  1994 | D:3      | Noticed Scuka's ghost (novice MfTm)
  2023 | D:3      | Slain by Scuka's ghost

Skill      XL: |  1  2  3 |
---------------+----------+-----
Dodging        | 3 |  3.0
Fighting       | |  2.9
Maces & Flails | |  2.9
Stealth        | |  0.1

Action                   || total
-------------------------++-------
Melee: Mace              ||   116
       Headbutt          ||    11
       Kick              ||    16
Invok: Berserk           ||     1
  Use: Scroll            ||     9
       Potion            ||     5
  Eat: Chunk             ||    12
       Bread ration      ||     1
Armor: Animal skin       ||    39
Dodge: Dodged            ||    62
